 Dungeon Crawl Stone Soup version 0.31-a0-1074-g0b22e4e0f1 (webtiles) character file.

Game seed: 920678577245446459

186 grandjackal the Vexing (level 5, 0/35 HPs)
             Began as a Vampire Enchanter on Dec 2, 2023.
             Slain by an adder (2 damage)
             ... on level 4 of the Dungeon.
             The game lasted 00:04:22 (2746 turns).

grandjackal the Vexing (Vampire Enchanter)          Turns: 2746, Time: 00:04:23

Health: 0/35       AC:  3    Str:  7    XL:     5   Next: 38%
Magic:  1/8        EV: 12    Int: 20    God:
Gold:   195        SH:  0    Dex: 14    Spells: 3/8 levels left

rFire   . . .        a - +1 dagger
rCold   . . .        (no shield)
rNeg    . . .        b - +0 robe
rPois   +            (no helmet)
rElec   .            (no cloak)
rCorr   .            (no gloves)
SInv    +            h - +0 pair of boots
Will    .....        (no amulet)
Stlth   +++          q - ring of poison resistance
HPRegen 0.45/turn    (no ring)
MPRegen 0.11/turn

%: no passive effects
@: healing quickly
A: alive, fangs 3, see invisible, vampiric 2
a: Exsanguinate


You were on level 4 of the Dungeon.
You visited 1 branch of the dungeon, and saw 4 of its levels.

You collected 195 gold pieces.

Inventory:

Hand Weapons
 a - a +1 dagger (weapon)
Missiles
 o - a throwing net
Armour
 b - a +0 robe (worn)
 h - a +0 pair of boots (worn)
Jewellery
 l - an amulet of guardian spirit
 q - a ring of poison resistance (left hand)
Scrolls
 d - 2 scrolls of poison {unknown}
 e - 3 scrolls of teleportation {unknown}
 f - a scroll of enchant weapon {unknown}
 i - 4 scrolls of enchant armour {unknown}
 m - a scroll of amnesia {unknown}
 n - a scroll of immolation {unknown}
 p - a scroll of fear {unknown}
 r - a scroll of identify {unknown}
 s - a scroll of vulnerability {unknown}
Potions
 c - 2 potions of invisibility
 g - 2 potions of lignification {unknown}
 j - 4 potions of curing {unknown}
 k - 2 potions of heal wounds {unknown}


   Skills:
 + Level 3.4 Short Blades
 - Level 2.1 Dodging
 - Level 5.0 Stealth
 - Level 2.0 Spellcasting
 + Level 6.2 Hexes
 + Level 2.4 Ice Magic


You had 3 spell levels left.
You knew the following spells:

 Your Spells              Type           Power      Damage    Failure   Level
a - Ensorcelled Hibernat  Hex/Ice        38%        N/A       4%          2
b - Confusing Touch       Hex            26%        N/A       3%          3

Your spell library contained the following spells:

 Spells                   Type           Power      Damage    Failure   Level
 Tukima's Dance           Hex            26%        N/A       3%          3
 Dazzling Flash           Conj/Hex       28%        N/A       13%         3
 Stone Arrow              Conj/Erth      4%         3d7       43%         3
 Animate Armour           Summ/Erth      4%         N/A       83%         4
 Lehudib's Crystal Spear  Conj/Erth      1%         10d2      100%        8


Dungeon Overview and Level Annotations

Branches:
Dungeon (4/15)
 Temple: D:4-7

Altars:


Innate Abilities, Weirdness & Mutations

Your natural rate of healing is accelerated.
You have razor-sharp teeth.
You have supernaturally acute eyesight. (SInv)
You are afflicted with vampirism and can become a bat while bloodless.


Message History

You feel sick. The adder closely misses you.
You hit the adder.
The adder is heavily wounded.
You feel sick. The adder bites you but does no damage. The adder bites you.
You closely miss the adder. You bite the adder.
You kill the adder!
You feel sick.
Casting: Ensorcelled Hibernation (safe; 4% risk of failure)
Confirm with . or Enter, or press ? or * to list all spells.
Aiming: Ensorcelled Hibernation (safe; 4% risk of failure)
Press: ? - help, Shift-Dir - straight line, f/p - adder
Aim: an adder (chance to affect: 61%)
The adder resists with significant effort.
You feel sick. The adder barely misses you. x2
Unknown command.
You hit the adder.
The adder is lightly wounded.
You feel sick. The adder barely misses you.
You closely miss the adder.
The adder is lightly wounded.
You feel sick. The adder bites you.
* * * LOW HITPOINT WARNING * * *
You miss the adder.
The adder is lightly wounded.
You feel sick. The adder barely misses you.
You closely miss the adder.
The adder is lightly wounded.
You feel sick.
You are no longer poisoned.
The adder closely misses you.
You miss the adder.
The adder is lightly wounded.
The adder bites you.
* * * LOW HITPOINT WARNING * * *
You hit the adder.
The adder is heavily wounded.
The adder bites you.
* * * LOW HITPOINT WARNING * * *
The adder bites you.
You die...

########## #........# #
#..†...<.#####.# ###
#.........BS@..# ..# #
#........####### #.# .
#........######### #.# .#
#.........#.......####.####.##
#.##..##......................
#. #.....##.#####......#....##
# #..#####.############.##.#
#.. ###......#....##.##### #>
.......†).............


You could see an adder and a giant cockroach.

Vanquished Creatures
  A hound (D:4)
  3 gnolls (D:3)
  5 adders
  3 worms
  A dart slug (D:3)
  An orc (D:3)
  4 ball pythons
  6 endoplasms
  5 giant cockroaches
  7 goblins
  11 hobgoblins
  3 quokkas
  6 bats
  7 frilled lizards
  3 kobolds
  5 rats
71 creatures vanquished.

Notes
Turn   | Place    | Note
-------+----------+-------------------------------------------
     0 | D:1      | grandjackal the Vampire Enchanter began the quest for the
                  | Orb.
     0 | D:1      | Reached XP level 1. HP: 13/13 MP: 3/3
   290 | D:1      | Reached XP level 2. HP: 12/19 MP: 5/5
   310 | D:1      | Learned a level 2 spell: Ensorcelled Hibernation
   785 | D:1      | Found a faded altar of an unknown god.
   837 | D:1      | Reached skill level 5 in Stealth
   979 | D:1      | Reached skill level 5 in Hexes
  1167 | D:2      | Gained mutation: You are afflicted with vampirism and can
                  | become a bat while bloodless. [Vampire growth]
  1167 | D:2      | Reached XP level 3. HP: 24/24 MP: 6/6
  1314 | D:2      | Reached skill level 1 in Ice Magic
  1758 | D:2      | Learned a level 3 spell: Confusing Touch
  1857 | D:3      | Reached XP level 4. HP: 21/30 MP: 0/7
  2645 | D:4      | Reached skill level 6 in Hexes
  2645 | D:4      | Reached XP level 5. HP: 35/35 MP: 8/8
  2746 | D:4      | Slain by an adder

Illustrated notes

Levels and vault maps discovered:
D:1:      psy_arrival_radial01, layout_basic, shapermc_ecumenical_altar_pompeii,
          minmay_misc_feat_plants
D:2:      layout_basic, minmay_quadrilaterals
D:3:      layout_loops_ring
D:4:      layout_basic

Skill      XL: |  1  2  3  4 |
---------------+-------------+-----
Stealth        | 5 |  5.0
Hexes          | 5 6 |  6.2
Short Blades   | 2 3 |  3.4
Ice Magic      | 1 2 |  2.4
Dodging        | |  2.1
Spellcasting   | |  2.0

Action                     |  1- 3 |  4- 6 || total
---------------------------+-------+-------++-------
  Melee: Dagger            |   112 |    84 ||   196
         Bite              |    13 |     9 ||    22
         Punch             |     2 |       ||     2
   Cast: Ensorcelled Hiber |     5 |     6 ||    11
   Stab: Sleeping          |    17 |    13 ||    30
 Armour: Robe              |    52 |    46 ||    98
  Dodge: Dodged            |    43 |    54 ||    97

Table legend: (Time is in decaauts)
 A = Elapsed time spent in this place.
 B = Non-inter-level travel time spent in this place.
 C = Inter-level travel time spent in this place.
 D = Time resting spent in this place.
 E = Time spent auto-exploring this place.
 F = Levels seen in this place.
 G = Mean time per level.
                   A        B        C        D        E       F      G
               +--------+--------+--------+--------+--------+-----+--------+
         Total |   2722 |   2662 |     60 |    121 |   1961 |   4 |  680.5 |
       Dungeon |   2722 |   2662 |     60 |    121 |   1961 |   4 |  680.5 |
               +--------+--------+--------+--------+--------+-----+--------+

Top non-repeatable levels by time:
     D:1: 1122 daAuts
     D:3: 669 daAuts
     D:2: 634 daAuts
     D:4: 296 daAuts
